 Dungeon Sprint DCSS version 0.21.1-1-g345015f (webtiles) character file.

56 Psiloshibe the Carver (level 7, -9/65 HPs)
             Began as a Barachi Berserker on June 10, 2018.
             Was a High Priest of Trog.
             Mangled by a neqoxec (12 damage)
             ... in the Dungeon (Sprint VI: "Thunderdome").
             The game lasted 00:03:42 (429 turns).

Psiloshibe the Carver (Barachi Berserker)            Turns: 429, Time: 00:03:43

Health: -9/65      AC:  7    Str: 32    XL:     7   Next: 22%
Magic:  7/7        EV: 13    Int:  4    God:    Trog [*****.]
Gold:   145        SH:  0    Dex: 13    Spells: 6/6 levels left

rFire    . . .     SeeInvis .   s - +0 falchion
rCold    . . .     Gourm    .   (no shield)
rNeg     + . .     Faith    +   t - +3 scale mail {MR+}
rPois    +         Spirit   .   (no helmet)
rElec    .         Reflect  .   (no cloak)
rCorr    +         Harm     .   (no gloves)
MR       +++..     NoTele   +   (no boots)
Stlth    ..........             n - amulet of Symmetry {Faith Str+7}
HPRegen  1.20/turn              o - ring of Duunas {Str+5 Dex+2}
MPRegen  0.10/turn              p - ring "Reecof" {rCorr rPois rN+ Int-4}

@: regenerating, slow
A: +LOS, swims, deformed body, slowness 1, strong legs 1
a: Hop, Berserk, Trog's Hand, Brothers in Arms, Burn Spellbooks, Renounce
Religion


You were in the Dungeon.
You worshipped Trog.
Trog was extremely pleased with you.
You were hungry.

You visited 1 branch You collected 280 gold pieces.
You spent 135 gold pieces at shops.

Inventory:

Hand Weapons
 s - a +0 falchion (weapon)
Missiles
 a - 7 tomahawks of dispersal (quivered)
Armour
 t - a +3 scale mail of magic resistance (worn)
Jewellery
 n - the amulet of Symmetry (around neck) {Faith Str+7}
   (You bought it in a shop in the Dungeon)

   [amulet of faith]

   It allows you to gain divine favour quickly.
   It affects your strength (+7).
 o - the ring of Duunas (left hand) {Str+5 Dex+2}
   (You bought it in a shop in the Dungeon)

   [ring of strength]

   It affects your strength (+5).
   It affects your dexterity (+2).
 p - the ring "Reecof" (right hand) {rCorr rPois rN+ Int-4}
   (You bought it in a shop in the Dungeon)

   [ring of resist corrosion]

   It affects your intelligence (-4).
   It protects you from poison.
   It protects you from negative energy.
Wands
 k - a wand of acid (5)
 l - a wand of iceblast (5)
Scrolls
 i - 4 scrolls of blinking
 m - 3 scrolls of fog
Potions
 d - a potion of curing
 e - 4 potions of heal wounds
 f - 4 potions of haste
 g - 2 potions of magic
 h - a potion of berserk rage
 j - a potion of resistance
 r - a potion of brilliance {unknown}
Comestibles
 c - a ration


   Skills:
 + Level 9.8 Fighting
 + Level 11.6 Long Blades
 * Level 6.4 Throwing
 + Level 6.0 Armour
 + Level 4.7 Dodging


You had 6 spell levels left.
You didn't know any spells.

Dungeon Overview and Level Annotations

Branches:
Dungeon (1/1)

Altars:
Cheibriados
Dithmenos
Fedhas
Gozag
Kikubaaqudgha
Makhleb
Okawaru
Qazlal
Ru
Sif Muna
Trog
Uskayaw
Vehumet
Wu Jian
Xom
Yredelemnul
Zin
The Shining One
Beogh
Jiyva
Lugonu

Shops:
D *[%??*?*:[((!!!!


Innate Abilities, Weirdness & Mutations

Shadows flee at your approach. (+LOS)
You can swim through water.
You cover ground slowly.
You can hop short distances.
Armour fits poorly on your strangely shaped body.


Message History

A neqoxec comes into view.
You hit the neqoxec.
The neqoxec is almost dead.
Unknown command.
You barely miss the neqoxec.
The neqoxec is almost dead.
The neqoxec hits you!
* * * LOW HITPOINT WARNING * * *
The neqoxec gestures at you.
Something tries to feed on your intellect!
The white imp gestures at you. The puff of frost hits you!
* * * LOW HITPOINT WARNING * * *
Your skin crawls.
You feel resistant to hostile enchantments.
You are feeling hungry.
The iron imp disappears in a puff of smoke!
The ufetubus disappears in a puff of smoke!
The neqoxec hits you!
You die...

###.........### #⌠...........⌠#
######.8...).....8.######
##∩___......###......___∩##
###∩........8.# #.8........∩###
#.............###.............##
⌠........).###...###..........⌠#
⌠..........# #.5.# #..........⌠#
⌠..........###..@###..........⌠#
#.......3.....###3§...........##
###∩........8.# #§85.......∩###
##∩.__......###5.....___∩##
######.8.........8.######
#⌠...........⌠# ###....†....###
#_......._# #_......._#


You could see 2 neqoxecs, an iron imp, a white imp and a shadow imp.

Vanquished Creatures
  3 neqoxecs (D)
  2 scorpions (D)
  Terence (D)
  2 worms (D)
  2 bats (D)
  4 giant cockroaches (D)
  A goblin (D)
15 creatures vanquished.

Notes
Turn   | Place    | Note
-------+----------+-------------------------------------------
     0 | D        | Psiloshibe the Barachi Berserker began the quest for the Orb.
     0 | D        | Reached XP level 1. HP: 18/18 MP: 1/1
     0 | D        | Found a glowing golden altar of the Shining One.
     0 | D        | Found a bloodstained altar of Trog.
     3 | D        | Found a viscous altar of Jiyva.
     4 | D        | Found a shadowy altar of Dithmenos.
     4 | D        | Found a burning altar of Makhleb.
     4 | D        | Found a glowing silver altar of Zin.
     5 | D        | Found a roughly hewn altar of Beogh.
     5 | D        | Round 1.
     6 | D        | Found Poatyty's Delicious Food.
     6 | D        | Found Ogestrul's Identification Station.
     6 | D        | Found a stormy altar of Qazlal.
     7 | D        | Found Toatem's Jewellery.
     7 | D        | Found Owkauvun's Advanced Armour.
     7 | D        | Found a shimmering altar of Xom.
     7 | D        | Found a deep blue altar of Sif Muna.
     7 | D        | Found an iron altar of Okawaru.
    17 | D        | Bought a clouded crystal amulet for 45 gold pieces
    17 | D        | Bought a crude silver ring for 45 gold pieces
    17 | D        | Bought a warped glass ring for 45 gold pieces
    17 | D        | Identified the amulet of Symmetry {Faith Str+7} (You bought it in a shop in the Dungeon)
    18 | D        | Identified the ring of Duunas {Str+5 Dex+2} (You bought it in a shop in the Dungeon)
    19 | D        | Identified the ring "Reecof" {rCorr rPois rN+ Int-4} (You bought it in a shop in the Dungeon)
    24 | D        | Reached skill level 4 in Long Blades
    34 | D        | Noticed Terence
    38 | D        | Found Osuata's Magic Scroll Shop.
    38 | D        | Found Usumoisu's Staff Store.
    39 | D        | Found Lum Saist's Magic Scroll Shop.
    39 | D        | Found Ecoann's Must-Have Magic.
    41 | D        | Found an ornate altar of the Wu Jian Council.
    47 | D        | Killed Terence
    47 | D        | Reached ** piety under Trog
    47 | D        | Reached skill level 5 in Fighting
    47 | D        | Reached skill level 5 in Long Blades
    47 | D        | Reached XP level 2. HP: 27/27 MP: 2/2
    47 | D        | Reached XP level 3. HP: 33/33 MP: 3/3
    76 | D        | Reached *** piety under Trog
    82 | D        | Noticed a scorpion
    83 | D        | Found an ancient bone altar of Kikubaaqudgha.
    84 | D        | Found a radiant altar of Vehumet.
    85 | D        | Found a basalt altar of Yredelemnul.
    85 | D        | Found a sacrificial altar of Ru.
    85 | D        | Found Ynourhaw's Premium Goods.
    85 | D        | Found Urebb's Weapon Rack.
    88 | D        | Killed a scorpion
    88 | D        | Arena points: 14 (+14) [x2]
    88 | D        | Reached skill level 7 in Long Blades
    88 | D        | Reached XP level 4. HP: 41/41 MP: 4/4
   101 | D        | Found Xijag's Miscellaneous Merchandise.
   101 | D        | Found Suriun's Basic Armour.
   106 | D        | Found an opulent altar of Gozag.
   107 | D        | Found a blossoming altar of Fedhas.
   110 | D        | Found a hide-covered altar of Uskayaw.
   111 | D        | Found Waofibil's Do-It-Yourself Clinic.
   112 | D        | Found a snail-covered altar of Cheibriados.
   112 | D        | Found a corrupted altar of Lugonu.
   112 | D        | Found Wecid's Distillery.
   113 | D        | Found Cuun's Bottled Wisdom.
   113 | D        | Found Ketu's Distillery.
   150 | D        | Round 2.
   211 | D        | Reached skill level 8 in Long Blades
   211 | D        | Reached XP level 5. HP: 38/48 MP: 5/5
   212 | D        | Reached **** piety under Trog
   253 | D        | Arena points: 56 (+42) [x3]
   308 | D        | Round 3.
   315 | D        | Noticed a neqoxec
   321 | D        | Gained mutation: Armour fits poorly on your strangely shaped body. [a neqoxec]
   328 | D        | Killed a neqoxec
   328 | D        | Reached skill level 10 in Long Blades
   328 | D        | Reached skill level 5 in Throwing
   328 | D        | Reached XP level 6. HP: 57/57 MP: 6/6
   339 | D        | Noticed a neqoxec
   360 | D        | Noticed a neqoxec
   369 | D        | Killed a neqoxec
   369 | D        | Reached ***** piety under Trog
   369 | D        | Received a gift from Trog
   369 | D        | Reached skill level 11 in Long Blades
   369 | D        | Reached skill level 5 in Armour
   376 | D        | Noticed a neqoxec
   382 | D        | Killed a neqoxec
   382 | D        | Reached XP level 7. HP: 65/65 MP: 7/7
   427 | D        | Noticed a neqoxec
   428 | D        | HP: 2/65 [white imp/puff of frost[a neqoxec] (12)]
   429 | D        | Mangled by a neqoxec

Skill      XL: |  1  2  3  4  5  6 |
---------------+-------------------+-----
Fighting       | 5 6 7 8 9 |  9.8
Long Blades    | 5 7 8 10 11 | 11.6
Throwing       | 2 3 5 6 |  6.4
Armour         | 3 4 6 |  6.0
Dodging        | 3 4 |  4.7

Action                   |  1- 3 |  4- 6 |  7- 9 || total
-------------------------+-------+-------+-------++-------
Melee: Falchion          |    11 |    41 |    16 ||    68
Invok: Berserk           |     1 |     2 |       ||     3
       Trog's Hand       |       |     2 |     1 ||     3
  Eat: Chunk             |       |     1 |     1 ||     2
Armor: Scale mail        |     6 |    12 |       ||    18
Dodge: Dodged            |    16 |    22 |     1 ||    39
       Rpst.: Falchion   |     8 |     7 |       ||    15
